AoeStats
← Lewdhog

QS Arena

503577445Analyzed
2v2 RM · 9d ago on Sep 1, 2026· 50m 8s· 4 players
Game mode
Random Map
Map size
Medium (4 player)
Population
200
Speed
Normal
Resources
Standard
Victory
Conquest
Starting age
Dark Age
Ending age
Imperial Age
RankedLock teamsTeams togetherTeam positionsShared explorationLock speedFull tech treeHidden civsTurbo modeCheats
Victory
Defeat
🇦🇷 Britons · Argentina
678
+15
🇬🇧 Georgians · United Kingdom
673
+16
🇦🇺 Celts · Australia
671
-16
🇦🇺 Khmer · Australia
657
-15
Lewdhog
0:35 Loom
10:21 Feudal Age
13:59 Loom
16:46 Castle Age
15:53 Double-Bit Axe
16:20 Forging
16:20 Man-at-Arms
17:39 Long Swordsman
18:07 Gambesons
20:35 Arson
21:18 Horse Collar
25:12 Scale Mail Armor
29:14 Chain Mail Armor
32:17 Wheelbarrow
36:03 Imperial Age
36:20 Iron Casting
36:39 Two-Handed Swordsman
39:57 Hand Cart
40:54 Pikeman
41:55 Scale Barding Armor
42:25 Plate Mail Armor
41:55 Halberdier
43:07 Herbal Medicine
42:59 Sappers
43:52 Conscription
45:24 Blast Furnace
KingusKahn
9:40 Feudal Age
11:37 Loom
14:21 Castle Age
12:19 Horse Collar
13:34 Double-Bit Axe
18:43 Bow Saw
21:35 Ballistics
24:03 Heavy Plow
27:15 Stone Mining
28:19 Husbandry
28:32 Bloodlines
38:25 Imperial Age
37:14 Scale Barding Armor
37:19 Forging
38:15 Chain Barding Armor
37:48 Fletching
38:22 Chain Barding Armor
38:02 Scale Mail Armor
38:27 Pikeman
40:09 Iron Casting
39:49 Halberdier
40:46 Chain Mail Armor
42:43 Crop Rotation
45:17 Gold Mining
49:50 Plate Barding Armor
50:15 Blast Furnace
Nova_Kovic
8:52 Feudal Age
9:24 Double-Bit Axe
9:21 Horse Collar
15:48 Castle Age
14:40 Stone Mining
14:44 Gold Mining
15:49 Fletching
17:18 Bow Saw
18:06 Heavy Plow
21:53 Stone Shaft Mining
21:25 Bodkin Arrow
21:13 Treadmill Crane
21:54 Ballistics
25:05 Murder Holes
25:22 Scale Barding Armor
27:24 Bloodlines
29:22 Fortified Wall
29:04 Guard Tower
29:26 Masonry
29:31 Forging
30:30 Svan Towers
32:23 Chain Barding Armor
31:39 Light Cavalry
36:42 Loom
37:36 Wheelbarrow
40:05 Imperial Age
39:44 Iron Casting
39:11 Scale Mail Armor
39:11 Padded Archer Armor
39:19 Husbandry
42:07 Crop Rotation
42:15 Keep
41:26 Arrowslits
42:42 Chemistry
41:48 Siege Engineers
42:14 Architecture
42:47 Blast Furnace
42:23 Plate Barding Armor
41:49 Bracer
42:06 Chain Mail Armor
42:07 Leather Archer Armor
41:15 Hussar
41:18 Cavalier
42:44 Hand Cart
42:52 Conscription
46:26 Guilds
46:17 Caravan
46:41 Aznauri Cavalry
47:13 Hoardings
46:04 Pikeman
46:46 Squires
46:09 Heavy Scorpion
46:13 Capped Ram
LaPichila97
0:28 Loom
8:21 Feudal Age
9:38 Wheelbarrow
8:49 Horse Collar
8:55 Double-Bit Axe
19:41 Castle Age
17:34 Stone Mining
17:54 Gold Mining
18:07 Fletching
19:04 Padded Archer Armor
20:35 Heavy Plow
20:47 Forging
20:34 Bodkin Arrow
21:03 Bow Saw
22:25 Hand Cart
21:50 Pikeman
30:11 Leather Archer Armor
30:31 Iron Casting
29:58 Scale Mail Armor
30:01 Squires
33:16 Ballistics
32:38 Treadmill Crane
35:39 Imperial Age
32:56 Town Watch
34:30 Gold Shaft Mining
34:01 Town Patrol
36:30 Iron Casting
36:11 Chain Mail Armor
37:23 Chemistry
36:29 Siege Engineers
36:10 Arrowslits
36:21 Murder Holes
36:30 Bracer
37:01 Ring Archer Armor
36:38 Scale Barding Armor
36:38 Bracer
36:41 Husbandry
37:14 Conscription
37:20 Warwolf
37:21 Cavalier
39:05 Blast Furnace
38:26 Chain Barding Armor
38:37 Plate Mail Armor
38:57 Yeomen
38:39 Halberdier
39:04 Gambesons
41:08 Plate Barding Armor
41:44 Two-Man Saw
42:38 Elite Longbowman
44:30 Man-at-Arms
44:58 Arson
46:13 Long Swordsman
Connection lost

Rejoining the realm…

Still unreachable

The connection could not be restored.

Session expired

The server has moved on; the page needs a fresh start.